 Dungeon Crawl Stone Soup version 0.30-a0-726-gd89dcf765f (webtiles) character file.

Game seed: 13809838657114893816

169 timneilson the Covered (level 5, -9/33 HPs)
             Began as a Gargoyle Fighter on Jan 29, 2023.
             Mangled by an ogre
             ... wielding a +0 giant club
              (23 damage)
             ... on level 4 of the Dungeon.
             The game lasted 00:03:16 (2583 turns).

timneilson the Covered (Gargoyle Fighter)           Turns: 2583, Time: 00:03:17

Health: -9/33      AC: 14    Str: 22    XL:     5   Next: 50%
Magic:  5/5        EV:  7    Int:  8    God:
Gold:   207        SH:  4    Dex:  9    Spells: 4/4 levels left

rFire   + . .      SeeInvis .    a - +1 long sword
rCold   . . .      Faith    .    c - +0 buckler
rNeg    + . .      Spirit   .    l - +0 chain mail
rPois   ∞          Reflect  .    (no helmet)
rElec   +          Harm     .    (no cloak)
rCorr   .          Rampage  .    j - +0 pair of gloves
Will    .....                    (no boots) Stlth
                                 (no amulet)
HPRegen 0.25/turn                m - ring of protection from fire
MPRegen 0.09/turn                (no ring)

@: mighty
A: sickness immunity, AC +4, negative energy resistance 1, electricity
resistance, torment resistance 1, petrification resistance
a: no special abilities


You were on level 4 of the Dungeon.
You visited 1 branch of the dungeon, and saw 4 of its levels.

You collected 207 gold pieces.

Inventory:

Hand Weapons
 a - a +1 long sword (weapon)
Armour
 c - a +0 buckler (worn)
 j - a +0 pair of gloves (worn)
 l - a +0 chain mail (worn)
Jewellery
 m - a ring of protection from fire (left hand)
 p - a ring of ice
 r - a +4 ring of protection
Scrolls
 f - a scroll of fear
 o - a scroll of vulnerability {unknown}
Potions
 b - a potion of invisibility {unknown}
 d - a potion of might
 e - a potion of brilliance
 g - 2 potions of resistance
 h - 5 potions of curing
 k - a potion of attraction {unknown}
 n - a potion of flight


   Skills:
 + Level 3.8 Fighting
 * Level 3.0 Long Blades
 * Level 4.4 Armour
 + Level 1.0 Dodging
 * Level 4.2 Shields


You had 4 spell levels left.
You didn't know any spells.
Your spell library contained the following spells:

 Spells                   Type           Power      Damage    Failure   Level
 Stone Arrow              Conj/Erth      0%         3d7       100%        3
 Animate Armour           Summ/Erth      0%         N/A       100%        4
 Lehudib's Crystal Spear  Conj/Erth      0%         10d2      100%        8


Dungeon Overview and Level Annotations

Branches:
Dungeon (4/15)
 Temple: D:4-7

Altars:


Innate Abilities, Weirdness & Mutations

You are immune to sickness and miasma.
Your stone body is resilient. (AC +4)
You are immune to poison.
You resist negative energy. (rN+)
You are resistant to electric shocks. (rElec)
You are resistant to unholy torment.
You are immune to petrification.


Message History

As you read the scroll labelled KIXTURH ONESH, it crumbles to dust.
You feel strangely unstable.
It was a scroll of teleportation.
As you read the scroll of identify, it crumbles to dust.
g - 2 potions of resistance Your surroundings suddenly seem different.
There is a shaft here.
There is a stone staircase leading down here.
You climb downwards.
Found a glowing scale mail.
There is a stone staircase leading up here.
Found 18 gold pieces.
You see here a +1 scale mail of fire resistance.
You now have 196 gold pieces (gained 18).
You pick up a book of Armaments and begin reading...
You add the spells Stone Arrow, Animate Armour and Lehudib's Crystal Spear to your library.
h - 5 potions of curing (gained 1)
o - a scroll labelled DUMASA JAOPS You now have 207 gold pieces (gained 11).
An ogre comes into view. It is wielding a +0 giant club.
The ogre shouts!
You feel very mighty all of a sudden.
You slash the ogre!
The ogre is moderately wounded.
The ogre hits you with a +0 giant club!!
Ouch! That really hurt!
* * * LOW HITPOINT WARNING * * *
You closely miss the ogre.
The ogre is moderately wounded.
You feel much better. The ogre hits you with a +0 giant club.
You barely miss the ogre.
The ogre is moderately wounded.
The ogre hits you with a +0 giant club!
You slash the ogre!
The ogre is severely wounded.
The ogre hits you but does no damage.
You barely miss the ogre.
The ogre is severely wounded.
The ogre hits you with a +0 giant club!!
Ouch! That really hurt!
You die...

################
......O@.......#
.#############.#
#.# #.#
########.#........
#........#........
#........#........
#........#........
#........#........


You could see an ogre.

Vanquished Creatures
  A necrophage (D:3)
  An orc wizard (D:3)
  A gnoll (D:1)
  2 adders
  A dart slug (D:1)
  3 orcs (D:3)
  4 bats
  7 endoplasms
  2 giant cockroaches
  5 goblins
  3 hobgoblins
  4 jackals (D:1)
  6 ball pythons
  3 frilled lizards
  4 kobolds
  3 rats (D:1)
50 creatures vanquished.

Notes
Turn   | Place    | Note
-------+----------+-------------------------------------------
     0 | D:1      | timneilson the Gargoyle Fighter began the quest for the
                  | Orb.
     0 | D:1      | Reached XP level 1. HP: 14/14 MP: 1/1
   284 | D:1      | Reached XP level 2. HP: 19/19 MP: 2/2
   407 | D:1      | Reached XP level 3. HP: 13/23 MP: 3/3
  1229 | D:2      | Reached XP level 4. HP: 28/28 MP: 4/4
  1814 | D:3      | Noticed a necrophage
  1835 | D:3      | Killed a necrophage
  1836 | D:3      | Reached skill level 1 in Dodging
  1836 | D:3      | Reached XP level 5. HP: 15/33 MP: 5/5
  2574 | D:4      | Noticed an ogre
  2583 | D:4      | Mangled by an ogre

Illustrated notes

Levels and vault maps discovered:
D:1:      dpeg_cavernosity, layout_rooms, minivault_14, minmay_ruptured
D:2:      layout_basic
D:3:      layout_basic
D:4:      layout_basic, grunt_ministairs_5

Skill      XL: |  1  2  3  4 |
---------------+-------------+-----
Long Blades    | 2 3 |  3.0
Armour         | 4 |  4.4
Shields        | 4 |  4.2
Dodging        | 1 |  1.0
Fighting       | |  3.8

Action                     |  1- 3 |  4- 6 || total
---------------------------+-------+-------++-------
  Melee: Long sword        |   141 |   120 ||   261
    Use: Scroll            |     4 |     7 ||    11
         Potion            |       |     2 ||     2
 Armour: Scale mail        |   105 |       ||   105
         Chain mail        |       |    82 ||    82
  Dodge: Dodged            |    88 |    31 ||   119
  Block: Buckler           |    32 |    24 ||    56

Table legend: (Time is in decaauts)
 A = Elapsed time spent in this place.
 B = Non-inter-level travel time spent in this place.
 C = Inter-level travel time spent in this place.
 D = Time resting spent in this place.
 E = Time spent auto-exploring this place.
 F = Levels seen in this place.
 G = Mean time per level.
                   A        B        C        D        E       F      G
               +--------+--------+--------+--------+--------+-----+--------+
         Total |   2665 |   2535 |    130 |      0 |   1978 |   4 |  666.2 |
       Dungeon |   2665 |   2535 |    130 |      0 |   1978 |   4 |  666.2 |
               +--------+--------+--------+--------+--------+-----+--------+

Top non-repeatable levels by time:
     D:1: 936 daAuts
     D:3: 896 daAuts
     D:2: 749 daAuts
     D:4: 82 daAuts
